 Dungeon Crawl Stone Soup version 0.18-a0-987-g0b0e4e7 (webtiles) character file.

331 gorblad the Ducker (level 6, -5/46 HPs)
             Began as a Human Wanderer on Jan 3, 2016.
             Slain by Chiseanne's ghost (12 damage)
             ... on level 4 of the Dungeon.
             The game lasted 00:11:55 (3801 turns).

gorblad the Ducker (Human Wanderer)                 Turns: 3801, Time: 00:11:55

Health: -5/46      AC:  5    Str: 16      XL:     6   Next: 82%
Magic:  6/6        EV: 19    Int: 10      God:
Gold:   117        SH:  0    Dex: 20 (22) Spells: 0 memorised, 5 levels left

rFire  . . .     SeeInvis .     a - +2 quarterstaff
rCold  . . .     Gourm    .     p - +0 ring mail
rNeg   . . .     Faith    .     (shield currently unavailable)
rPois  .         Spirit   .     (no helmet)
rElec  .         Dismiss  .     (no cloak)
rCorr  .         Reflect  .     (no gloves)
SustAt .         Harm     .     (no boots)
MR     .....                    (no amulet)
Stlth  +++.......               (no ring)
                                h - +4 ring of dexterity

@: agile, not resistant to hostile enchantments, fairly stealthy
A: no striking features
a: no special abilities


You were on level 4 of the Dungeon.
You were very hungry.

You visited 1 branch of the dungeon, and saw 4 of its levels.

You collected 117 gold pieces.

Inventory:

Hand Weapons
 a - a +2 quarterstaff (weapon)
 e - a +0 dagger
 j - a +0 mace
Missiles
 o - 3 tomahawks (quivered)
Armour
 d - a +0 robe
 p - a +0 ring mail (worn)
Jewellery
 h - a +4 ring of dexterity (left hand)
 r - a cursed -2 ring of protection {unknown}
Wands
 g - a wand of random effects (48/48)
Scrolls
 b - a scroll of teleportation
 q - 3 scrolls of remove curse
Potions
 n - a potion of magic
Books
 i - a book of the Tempests

   Spells                             Type                      Level
   a - Static Discharge               Conjuration/Air              3
   b - Lightning Bolt                 Conjuration/Air              5
   c - Fireball                       Conjuration/Fire             5
   d - Tornado                        Air                          9
   e - Shatter                        Earth                        9
Comestibles
 f - 2 bread rations
 l - a slice of pizza
 m - 2 meat rations


   Skills:
 + Level 2.8 Fighting
 + Level 2.6 Staves
 + Level 1.8 Armour
 + Level 5.3 Dodging
 + Level 3.9 Stealth
 + Level 1.0 Evocations


You had 5 spell levels left.
You didn't know any spells.

Dungeon Overview and Level Annotations

Branches:
Dungeon (4/15)
 Temple: D:4-7

Altars:
Kikubaaqudgha
Okawaru
Vehumet

Annotations:
D:4 Chiseanne's ghost, amateur DsFi


Message History

Chiseanne's ghost is lightly damaged.
Chiseanne's ghost barely misses you.
You barely miss Chiseanne's ghost.
Chiseanne's ghost is lightly damaged.
Chiseanne's ghost closely misses you.
You hit Chiseanne's ghost but do no damage.
Chiseanne's ghost is lightly damaged.
Chiseanne's ghost completely misses you.
You hit Chiseanne's ghost but do no damage.
Chiseanne's ghost is lightly damaged.
Chiseanne's ghost hits you but does no damage.
Chiseanne's ghost barely misses you.
You hit Chiseanne's ghost but do no damage.
Chiseanne's ghost is lightly damaged.
Chiseanne's ghost hits you.
* * * LOW HITPOINT WARNING * * *
You hit Chiseanne's ghost but do no damage.
Chiseanne's ghost is lightly damaged.
Chiseanne's ghost hits you!
You die...

## .# ..#.#
#.#.# #
#.#.#.#
#.#.#.#
#.....
#.#W###.##
#.@.......
#.#.###.#$
#.#%# #.#
#.#.# #.#.#
#.#.# #.#.#
. #.#.#
#.#.# ..
#.#.###.#.#
...
#.#.....#.#
....
#.#.<>..#.#
.....


You could see Chiseanne's ghost.

Vanquished Creatures
  The ghost of Chiseanne the Skirmisher, an amateur DsFi (D:3)
  2 vampire bats (D:2)
  A hound (D:4)
  4 gnolls (D:3)
  4 adders
  A worm (D:2)
  A giant gecko (D:3)
  2 orcs (D:3)
  3 bat skeletons (D:2)
  2 bat zombies (D:2)
  3 goblins
  7 hobgoblins
  5 jackals
  3 kobolds
  A quokka (D:4)
  A ball python (D:1)
  8 bats
  2 giant newts
  9 rats
60 creatures vanquished.

Notes
Turn   | Place    | Note
--------------------------------------------------------------
     0 | D:1      | gorblad the Human Wanderer began the quest for the Orb.
     0 | D:1      | gorblad set off with: a +2 quarterstaff, a scroll of teleportation, a potion of lignification, a +0 robe, a +0 dagger, a bread ration
     0 | D:1      | Reached XP level 1. HP: 16/16 MP: 1/1
   121 | D:1      | Reached XP level 2. HP: 20/22 MP: 2/2
   518 | D:1      | Reached XP level 3. HP: 25/27 MP: 3/3
   975 | D:2      | Found an ancient bone altar of Kikubaaqudgha.
   986 | D:2      | Reached skill level 4 in Dodging
   986 | D:2      | Reached XP level 4. HP: 30/34 MP: 4/4
  1007 | D:2      | Reached XP level 5. HP: 25/39 MP: 5/5
  1119 | D:2      | Found a radiant altar of Vehumet.
  2759 | D:3      | HP: 1/39 [gnoll (5)]
  2769 | D:3      | Reached XP level 6. HP: 16/46 MP: 6/6
  2792 | D:3      | HP: 3/69 [gnoll/spear (1)]
  2800 | D:3      | HP: 2/69 [gnoll/spear (1)]
  3104 | D:3      | Reached skill level 1 in Armour
  3249 | D:3      | Noticed Chiseanne's ghost (amateur DsFi)
  3269 | D:3      | HP: 1/46 [Chiseanne's ghost (13)]
  3274 | D:3      | Killed Chiseanne's ghost
  3274 | D:3      | Reached skill level 5 in Dodging
  3662 | D:3      | Found an iron altar of Okawaru.
  3786 | D:4      | Noticed Chiseanne's ghost (amateur DsFi)
  3801 | D:4      | Slain by Chiseanne's ghost

Vault maps used:
D:1:      minmay_arrival_four_loops, minmay_misc_feat_encased, minivault_5,
          serial_bayou_ford_a
D:2:      kennysheep_vampire_church, fiery_altar_vehumet
D:3:      okawaru_ov_weapons_minmay
D:4:      johnstein_pakellas_death_squad, nicolae_qazlal_style_of_elements,
          serial_shops, nicolae_shop_overgrown_old_shop, lexackson_kobold_supper

Action                   |  1- 3 |  4- 6 || total
-------------------------+-------+-------++-------
Melee: Quarterstaff      |    70 |   136 ||   206
Throw: Tomahawk          |       |     3 ||     3
  Use: Scroll            |     2 |     6 ||     8
       Potion            |       |     5 ||     5
 Stab: Sleeping          |     5 |     1 ||     6
       Distracted        |       |     1 ||     1
  Eat: Chunk             |       |     3 ||     3
       Meat ration       |       |     1 ||     1
